 Dungeon Sprint DCSS version 0.17-a0-2064-g265a032 (webtiles) character file.

12148 Kidiri the Unseen (level 11, -9/47 HPs)
             Began as a Spriggan Enchanter on Oct 12, 2015.
             Was the Champion of Dithmenos.
             Killed from afar by an ice dragon (56 damage)
             ... with a blast of cold
             ... in the Dungeon (Sprint III: "The Ten Rune Challenge").
             The game lasted 00:14:48 (2783 turns).

Kidiri the Unseen (Spriggan Enchanter)              Turns: 2783, Time: 00:14:49

Health: -9/47      AC: 10    Str:  4    XL:     11   Next: 58%
Magic:  23/29      EV: 33    Int: 18    God:    Dithmenos [******]
Gold:   27         SH:  0    Dex: 20    Spells: 8 memorised, 13 levels left

rFire  . . .     SeeInvis +     e - +2 dagger (drain)
rCold  . . .     Clarity  .     b - +1 robe
rNeg   . . .     SustAt   .     (shield restricted)
rPois  .         Gourm    .     (helmet restricted)
rElec  .         Spirit   .     m - +2 cloak
rCorr  .         Warding  .     (gloves unavailable)
rMut   .         NoTele   +     (boots unavailable)
MR     +....                    (no amulet)
Stlth  ++++++++++               (no ring)
                                (no ring)

@: wreathed by umbra, very quick, somewhat resistant to hostile enchantments,
uncannily stealthy
A: unfitting armour, horns 1, talons 1, rough black scales 1, see invisible,
agile 1, herbivore 3, speed 3, slow metabolism 2, spit poison 1
a: Spit Poison, Shadow Step, Shadow Form, Renounce Religion


You were in the Dungeon.
You worshipped Dithmenos.
Dithmenos was exalted by your worship.
You were full.

You visited 1 branch You collected 27 gold pieces.

Inventory:

Hand Weapons
 e - a +2 dagger of draining (weapon)
Missiles
 c - 10 throwing nets (quivered)
Armour
 b - a +1 robe (worn)
 g - an ice dragon hide
 m - a +2 cloak (worn)
Wands
 a - a wand of magic darts (16)
Scrolls
 f - a scroll of amnesia {unknown}
 j - a scroll of blinking
 o - a scroll of holy word {unknown}
 q - a scroll of remove curse {unknown}
 u - a scroll of torment {unknown}
 v - a scroll of identify {unknown}
Potions
 h - 2 potions of magic
 i - 2 potions of berserk rage
 k - a potion of agility {unknown}
 s - 3 potions of cure mutation
 t - 3 potions of flight
Comestibles
 d - a bread ration
 n - 6 fruits
 r - 28 royal jellies


   Skills:
 * Level 12.2 Short Blades
 + Level 5.9 Armour
 * Level 15.3 Dodging
 * Level 16.7 Stealth
 * Level 13.2 Spellcasting
 + Level 5.8 Conjurations
 + Level 10.5 Hexes
 + Level 9.2 Translocations
 + Level 8.5 Transmutations
 + Level 6.4 Ice Magic
 + Level 6.7 Poison Magic
 - Level 2.2 Invocations


You had 13 spell levels left.
You knew the following spells:

 Your Spells              Type           Power        Failure   Level  Hunger
a - Corona                Hex            #####..      1%          1    None
b - Ensorcelled Hibernat  Hex/Ice        #####.       1%          2    None
c - Confuse               Hex            #####...     1%          3    None
d - Tukima's Dance        Hex            #####...     1%          3    None
e - Dazzling Spray        Conj/Hex       #####...     1%          3    None
f - Apportation           Tloc           #####.....   1%          1    None
g - Alistair's Intoxicat  Trmt/Pois      #####...     2%          4    #......
h - Invisibility          Hex            #####...     14%         6    ######.


Dungeon Overview and Level Annotations

Branches:
Dungeon (1/1)

Altars:
Cheibriados
Dithmenos
Elyvilon
Fedhas
Gozag
Kikubaaqudgha
Makhleb
Nemelex Xobeh
Okawaru
Qazlal
Ru
Sif Muna
Trog
Vehumet
Xom
Yredelemnul
Zin
The Shining One
Jiyva
Lugonu


Innate Abilities, Weirdness & Mutations

You are tiny and cannot use many weapons and most armour.
You have supernaturally acute eyesight.
You are a herbivore.
You cover ground extremely quickly.
You need consume almost no food.
You have a pair of small horns on your head.
You have sharp toenails.
You are partially covered in rough black scales (AC +4, Dex -1).
You are agile. (Dex +2)
You can spit weak poison.


Message History

Aim: a swamp drake simulacrum (hasn't noticed you, umbra)
The spray of energy hits the swamp drake simulacrum.
The swamp drake simulacrum vapourises!
Dithmenos accepts your kill.
You start resting.
The ice dragon is engulfed in freezing vapours.
The ice dragon completely misses you. x3
Casting: Dazzling Spray
Confirm with . or Enter, or press ? or * to list all spells.
Aiming: Dazzling Spray
Press: ? - help, Shift-Dir - straight line, f - ice dragon
Aim: an ice dragon (freezing vapour, lightly wounded, umbra)
The spray of energy hits the ice dragon.
The ice dragon is lightly wounded.
The ice dragon is dazzled.
The ice dragon is engulfed in freezing vapours.
The ice dragon breathes frost at you. The blast of cold hits you!
Ouch! That really hurt!
You die...

♣♣.##%##.##'≈≈≈≈≈####+#
♣..#.##...#≈≈....§§§§#
♣♣.##.##.(#≈.(+#######
♣♣.##.#####...#).....#
♣%....##......#♣♣♣[_.#
########'###### #####
#.♣♣ #♣.♣ ♣@♣♣ ♣♣D♣
♣.♣♣ ♣.♣♣ ♣..♣ ♣♣.♣♣
♣♣D♣ ♣≈÷♣ ♣.≈≈.


You could see an ice dragon (blind).

Vanquished Creatures
  Maud (D)
  Erolcha (D)
  2 hydras (D)
  3 ice dragons (D)
  A death drake (D)
  A spriggan druid (D)
  A lindwurm (D)
  2 spiny frogs (D)
  A komodo dragon (D)
  A queen bee (D)
  3 wandering mushrooms (D)
  A deep elf priest (D)
  2 trapdoor spiders (D)
  A shadow (D)
  2 spriggans (D)
  4 redbacks (D)
  A spatial vortex (D)
  2 hill giants (D)
  A necrophage (D)
  3 two-headed ogres (D)
  2 brain worms (D)
  A water elemental (D)
  32 killer bees (D)
  An electric eel (D)
  A jelly (D)
  Crazy Yiuf (D)
  Jessica (D)
  A necromancer (D)
  A wizard (D)
  3 humans (D)
  A kobold demonologist (D)
  A swamp drake simulacrum (D)
  2 oozes (D)
  A rat (D)
83 creatures vanquished.

Vanquished Creatures (others)
  2 draconian scorchers (D)
  A yaktaur (D)
  3 plants (D)
6 creatures vanquished.

Grand Total: 89 creatures vanquished

Notes
Turn   | Place    | Note
--------------------------------------------------------------
     0 | D        | Kidiri the Spriggan Enchanter began the quest for the Orb.
     0 | D        | Reached XP level 1. HP: 9/9 MP: 5/5
    17 | D        | Reached skill level 5 in Stealth
    17 | D        | Reached XP level 2. HP: 13/13 MP: 7/7
    23 | D        | Learned a level 2 spell: Ensorcelled Hibernation
    50 | D        | Noticed Jessica
    57 | D        | Killed Jessica
    57 | D        | Reached skill level 1 in Armour
    57 | D        | Reached skill level 5 in Dodging
    57 | D        | Reached skill level 6 in Stealth
    57 | D        | Reached XP level 3. HP: 8/16 MP: 3/9
    62 | D        | Learned a level 3 spell: Confuse
    66 | D        | Learned a level 3 spell: Dazzling Spray
   103 | D        | Killed a yaktaur
   225 | D        | Noticed Crazy Yiuf
   228 | D        | Killed Crazy Yiuf
   228 | D        | Reached skill level 1 in Ice Magic
   232 | D        | Reached skill level 7 in Stealth
   232 | D        | Reached XP level 4. HP: 21/21 MP: 9/11
   246 | D        | Learned a level 3 spell: Tukima's Dance
   268 | D        | Gained mutation: You occasionally shout uncontrollably at your foes. [potion of mutation]
   268 | D        | Gained mutation: You expend magic power (3 MP) to strengthen your wands. [potion of mutation]
   268 | D        | Gained mutation: Your body sometimes deteriorates upon taking damage. [potion of mutation]
   269 | D        | Lost mutation: Your body sometimes deteriorates upon taking damage. [potion of cure mutation]
   269 | D        | Lost mutation: You occasionally shout uncontrollably at your foes. [potion of cure mutation]
   269 | D        | Lost mutation: You expend magic power (3 MP) to strengthen your wands. [potion of cure mutation]
   270 | D        | Gained mutation: You are partially covered in rough black scales (AC +4, Dex -1). [potion of mutation]
   270 | D        | Gained mutation: You are agile. (Dex +2) [potion of mutation]
   270 | D        | Gained mutation: You can spit weak poison. [potion of mutation]
   271 | D        | Gained mutation: You have sharp toenails. [potion of mutation]
   271 | D        | Gained mutation: You have a pair of small horns on your head. [potion of mutation]
   282 | D        | Noticed a water elemental
   323 | D        | Killed a water elemental
   323 | D        | Reached skill level 5 in Spellcasting
   323 | D        | Reached skill level 1 in Conjurations
   323 | D        | Reached skill level 5 in Hexes
   323 | D        | Reached XP level 5. HP: 20/24 MP: 1/14
   382 | D        | Killed a white draconian scorcher
   434 | D        | Noticed a jelly
   435 | D        | Noticed a shadow
   437 | D        | Killed a shadow
   437 | D        | Reached skill level 5 in Short Blades
   437 | D        | Reached skill level 8 in Dodging
   437 | D        | Reached skill level 9 in Stealth
   437 | D        | Reached XP level 6. HP: 28/28 MP: 14/16
   442 | D        | Killed a jelly
   486 | D        | Killed a white draconian scorcher
   488 | D        | Found a stormy altar of Qazlal.
   489 | D        | Found a sacrificial altar of Ru.
   489 | D        | Found a burning altar of Makhleb.
   489 | D        | Found a viscous altar of Jiyva.
   489 | D        | Found a shimmering altar of Xom.
   489 | D        | Found a shadowy altar of Dithmenos.
   489 | D        | Found a sparkling altar of Nemelex Xobeh.
   489 | D        | Found a corrupted altar of Lugonu.
   489 | D        | Found an opulent altar of Gozag.
   489 | D        | Noticed a spatial vortex
   493 | D        | Became a worshipper of Dithmenos the Shadowed
   524 | D        | Killed a spatial vortex
   524 | D        | Reached skill level 10 in Stealth
   524 | D        | Reached skill level 1 in Invocations
   841 | D        | Found a radiant altar of Vehumet.
   842 | D        | Found a deep blue altar of Sif Muna.
   842 | D        | Found an ancient bone altar of Kikubaaqudgha.
   842 | D        | Noticed a wizard
   843 | D        | Killed a wizard
   867 | D        | Learned a level 1 spell: Apportation
   872 | D        | Learned a level 4 spell: Alistair's Intoxication
   881 | D        | Found a glowing silver altar of Zin.
   882 | D        | Found a glowing golden altar of the Shining One.
   882 | D        | Found a white marble altar of Elyvilon.
   882 | D        | Noticed a deep elf priest
   887 | D        | Killed a deep elf priest
   887 | D        | Reached * piety under Dithmenos
   887 | D        | Reached skill level 1 in Transmutations
   887 | D        | Reached skill level 1 in Poison Magic
   887 | D        | Reached XP level 7. HP: 32/32 MP: 15/19
   915 | D        | Found an iron altar of Okawaru.
   916 | D        | Found a bloodstained altar of Trog.
   916 | D        | Noticed a human
   916 | D        | Noticed a human
   918 | D        | Killed a human
   918 | D        | Reached skill level 10 in Dodging
   918 | D        | Reached skill level 11 in Stealth
   926 | D        | Killed a human
  1025 | D        | Learned a level 6 spell: Invisibility
  1053 | D        | Found a snail-covered altar of Cheibriados.
  1053 | D        | Noticed a necrophage
  1054 | D        | Found a basalt altar of Yredelemnul.
  1054 | D        | Found a blossoming altar of Fedhas.
  1054 | D        | Noticed a necromancer
  1055 | D        | Killed a necrophage
  1055 | D        | Reached ** piety under Dithmenos
  1055 | D        | Reached XP level 8. HP: 36/36 MP: 21/21
  1056 | D        | Killed a necromancer
  1084 | D        | Noticed a two-headed ogre
  1084 | D        | Noticed a two-headed ogre
  1096 | D        | Killed a two-headed ogre
  1101 | D        | Noticed a two-headed ogre
  1101 | D        | Killed a two-headed ogre
  1107 | D        | Killed a two-headed ogre
  1218 | D        | Noticed a hill giant
  1221 | D        | Killed a hill giant
  1221 | D        | Reached *** piety under Dithmenos
  1227 | D        | Noticed a hill giant
  1227 | D        | Noticed Erolcha
  1229 | D        | Killed Erolcha
  1229 | D        | Reached skill level 12 in Stealth
  1229 | D        | Reached skill level 10 in Spellcasting
  1229 | D        | Reached skill level 5 in Translocations
  1229 | D        | Reached XP level 9. HP: 39/39 MP: 22/24
  1230 | D        | Killed a hill giant
  1237 | D        | Noticed a redback
  1239 | D        | Noticed a trapdoor spider
  1245 | D        | Killed a trapdoor spider
  1245 | D        | Reached skill level 13 in Stealth
  1247 | D        | Killed a redback
  1247 | D        | Reached **** piety under Dithmenos
  1247 | D        | Reached skill level 5 in Transmutations
  1283 | D        | Noticed a trapdoor spider
  1285 | D        | Killed a trapdoor spider
  1395 | D        | Noticed a killer bee
  1395 | D        | Noticed a killer bee
  1395 | D        | Noticed a queen bee
  1395 | D        | Noticed a killer bee
  1395 | D        | Noticed a killer bee
  1395 | D        | Noticed a killer bee
  1395 | D        | Noticed a killer bee
  1395 | D        | Noticed a killer bee
  1395 | D        | Noticed a killer bee
  1395 | D        | Noticed a killer bee
  1395 | D        | Noticed a killer bee
  1395 | D        | Noticed a killer bee
  1395 | D        | Noticed a killer bee
  1395 | D        | Noticed a killer bee
  1395 | D        | Noticed a killer bee
  1396 | D        | Noticed a killer bee
  1396 | D        | Noticed a killer bee
  1396 | D        | Noticed a killer bee
  1397 | D        | Noticed a killer bee
  1397 | D        | Noticed a killer bee
  1397 | D        | Killed a killer bee
  1398 | D        | Noticed a killer bee
  1399 | D        | Noticed a killer bee
  1399 | D        | Noticed a killer bee
  1400 | D        | Noticed a killer bee
  1400 | D        | Killed a killer bee
  1401 | D        | Noticed a killer bee
  1402 | D        | Noticed a killer bee
  1402 | D        | Killed a killer bee
  1404 | D        | Noticed a killer bee
  1404 | D        | Killed a killer bee
  1406 | D        | Noticed a killer bee
  1406 | D        | Killed a killer bee
  1408 | D        | Noticed a killer bee
  1408 | D        | Killed a killer bee
  1408 | D        | Reached ***** piety under Dithmenos
  1409 | D        | Noticed a killer bee
  1410 | D        | Noticed a killer bee
  1410 | D        | Noticed a killer bee
  1410 | D        | Killed a killer bee
  1412 | D        | Killed a killer bee
  1415 | D        | Killed a killer bee
  1553 | D        | Killed a killer bee
  1554 | D        | Noticed a killer bee
  1570 | D        | Killed a killer bee
  1571 | D        | Killed a killer bee
  1575 | D        | Killed a killer bee
  1576 | D        | Killed a killer bee
  1577 | D        | Killed a killer bee
  1579 | D        | Killed a killer bee
  1579 | D        | Reached skill level 10 in Short Blades
  1592 | D        | Killed a killer bee
  1603 | D        | Killed a killer bee
  1606 | D        | Killed a killer bee
  1606 | D        | Reached ****** piety under Dithmenos
  1608 | D        | Killed a killer bee
  1745 | D        | Killed a queen bee
  1745 | D        | Reached skill level 5 in Ice Magic
  1747 | D        | Killed a killer bee
  1747 | D        | Reached skill level 14 in Stealth
  1747 | D        | Reached XP level 10. HP: 44/44 MP: 23/26
  1749 | D        | Killed a killer bee
  1765 | D        | Killed a killer bee
  1768 | D        | Killed a killer bee
  1771 | D        | Killed a killer bee
  1772 | D        | Killed a killer bee
  1773 | D        | Killed a killer bee
  1775 | D        | Killed a killer bee
  1906 | D        | Killed a killer bee
  1919 | D        | Killed a killer bee
  1926 | D        | Killed a killer bee
  1936 | D        | Killed a killer bee
  2063 | D        | Noticed a wandering mushroom
  2068 | D        | Killed a wandering mushroom
  2070 | D        | Noticed a wandering mushroom
  2072 | D        | Noticed a wandering mushroom
  2074 | D        | Killed a wandering mushroom
  2075 | D        | Killed a wandering mushroom
  2137 | D        | Noticed a spiny frog
  2137 | D        | Noticed a komodo dragon
  2137 | D        | Noticed a spiny frog
  2140 | D        | Killed a spiny frog
  2140 | D        | Reached skill level 5 in Poison Magic
  2142 | D        | Killed a spiny frog
  2143 | D        | Killed a komodo dragon
  2143 | D        | Reached skill level 5 in Armour
  2143 | D        | Reached skill level 5 in Conjurations
  2149 | D        | Noticed a redback
  2151 | D        | Killed a redback
  2152 | D        | Noticed a brain worm
  2156 | D        | Killed a brain worm
  2161 | D        | Noticed a brain worm
  2163 | D        | Killed a brain worm
  2169 | D        | Noticed a lindwurm
  2171 | D        | Noticed a redback
  2172 | D        | Killed a lindwurm
  2172 | D        | Reached skill level 15 in Stealth
  2174 | D        | Killed a redback
  2178 | D        | Noticed a redback
  2179 | D        | Killed a redback
  2180 | D        | Noticed Maud
  2182 | D        | Killed Maud
  2182 | D        | Reached skill level 10 in Hexes
  2182 | D        | Reached XP level 11. HP: 47/47 MP: 28/28
  2186 | D        | Noticed an electric eel
  2187 | D        | Noticed a six-headed hydra
  2187 | D        | Noticed an eight-headed hydra
  2209 | D        | Killed a six-headed hydra
  2246 | D        | Killed an eight-headed hydra
  2246 | D        | Reached skill level 16 in Stealth
  2260 | D        | Killed an electric eel
  2351 | D        | Noticed a death drake
  2353 | D        | Killed a death drake
  2366 | D        | Found a blossoming altar of Fedhas.
  2366 | D        | Noticed a spriggan
  2366 | D        | Noticed a spriggan druid
  2366 | D        | Noticed a spriggan
  2367 | D        | Killed a spriggan
  2371 | D        | Killed a spriggan druid
  2371 | D        | Reached skill level 15 in Dodging
  2371 | D        | Paralysed by a spriggan for 4 turns
  2375 | D        | Killed a spriggan
  2511 | D        | Noticed an ice dragon
  2512 | D        | Noticed an ice dragon
  2513 | D        | Noticed an ice dragon
  2515 | D        | Noticed an ice dragon
  2516 | D        | Killed an ice dragon
  2517 | D        | Noticed an ice dragon
  2622 | D        | Killed an ice dragon
  2640 | D        | Noticed an ice dragon
  2644 | D        | Killed an ice dragon
  2753 | D        | Noticed an ice dragon
  2754 | D        | Noticed an ice dragon
  2783 | D        | Killed from afar by an ice dragon

Vault maps used:
D:        dungeon_sprint_mu

Action                   |  1- 3 |  4- 6 |  7- 9 | 10-12 || total
-------------------------+-------+-------+-------+-------++-------
Melee: Dagger            |    13 |    32 |    69 |    39 ||   153
 Cast: Ensorcelled Hiber |     2 |     2 |    29 |    14 ||    47
       Dazzling Spray    |       |     8 |     9 |    26 ||    43
       Confuse           |       |       |     1 |       ||     1
       Alistair's Intoxi |       |       |     3 |       ||     3
       Apportation       |       |       |       |     1 ||     1
Invok: Shadow Step       |       |       |       |     4 ||     4
  Use: Potion            |       |     7 |       |       ||     7
       Scroll            |       |     2 |       |       ||     2
 Stab: Sleeping          |     4 |     5 |    22 |    22 ||    53
       Invisible         |       |       |     7 |     5 ||    12
  Eat: Bread ration      |       |       |       |     1 ||     1
